 Dungeon Crawl Stone Soup version 0.31.0-32-g396128a36d (webtiles) character file.

Game seed: 7785594253992820918

966 Peloso the Slasher (level 7, -9/61 HPs)
             Began as a Minotaur Fighter on Mar 17, 2024.
             Was a Follower of Okawaru.
             Mangled by an ogre
             ... wielding a +0 giant club
              (15 damage)
             ... on level 6 of the Dungeon.
             The game lasted 00:09:31 (5673 turns).

Peloso the Slasher (Minotaur Fighter)               Turns: 5673, Time: 00:09:32

Health: -9/61      AC: 14    Str: 21    XL:     7   Next: 93%
Magic:  6/6        EV:  6    Int:  5    God:    Okawaru [*.....]
Gold:   140        SH:  5    Dex: 11    Spells: 6/6 levels left

rFire   . . .        a - +0 scimitar (holy)
rCold   . . .        d - +0 buckler
rNeg    . . .        t - +0 plate armour
rPois   .            (helmet restricted)
rElec   .            (no cloak)
rCorr   .            g - +0 pair of gloves
SInv    +            (no boots)
Will    .....        (no amulet) Stlth
                     j - ring of see invisible
HPRegen 0.30/turn    (no ring)
MPRegen 0.10/turn

%: no passive effects
@: no status effects
A: horns 2, retaliatory headbutt
a: Renounce Religion, Heroism


You were on level 6 of the Dungeon.
You worshipped Okawaru.
Okawaru was aware of your devotion.
You visited 2 branches of the dungeon, and saw 7 of its levels.

You collected 385 gold pieces.
You spent 245 gold pieces at shops.

Inventory:

Hand Weapons
 a - a +0 scimitar of holy wrath (weapon)
 b - a +1 long sword
Armour
 c - a +0 chain mail
 d - a +0 buckler (worn)
 g - a +0 pair of gloves (worn)
 t - a +0 plate armour (worn)
Jewellery
 j - a ring of see invisible (left hand)
Talismans
 n - a blade talisman
 q - a serpent talisman
Wands
 y - a wand of flame (10)
Scrolls
 e - 2 scrolls of fog
 h - 2 scrolls of silence
 k - a scroll of brand weapon
 l - 3 scrolls of identify
 o - 2 scrolls of amnesia
 r - 3 scrolls of teleportation
 u - 4 scrolls of enchant armour
 v - a scroll of immolation
 w - a scroll of revelation
Potions
 f - 2 potions of enlightenment
 i - a potion of might
 m - a potion of resistance
 p - a potion of brilliance
 s - a potion of attraction {unknown}
 x - a potion of heal wounds {unknown}
 z - a potion of magic {unknown}
 A - a potion of invisibility {unknown}


   Skills:
 + Level 5.6 Fighting
 + Level 7.5 Long Blades
 + Level 6.2 Armour
 + Level 0.9 Dodging
 + Level 0.2 Stealth
 + Level 5.8 Shields


You had 6 spell levels left.
You didn't know any spells.
Your spell library contained the following spells:

 Spells                   Type           Power      Damage    Failure   Level
 Freeze                   Ice            0%         1d3       100%        1
 Ensorcelled Hibernation  Hex/Ice        0%         N/A       100%        2
 Frozen Ramparts          Ice            0%         1d1       100%        3
 Fugue of the Fallen      Necr           0%         N/A       100%        3
 Hailstorm                Conj/Ice       0%         3d5       100%        3
 Sigil of Binding         Hex            0%         N/A       100%        3
 Anguish                  Hex/Necr       0%         N/A       100%        4
 Dimensional Bullseye     Hex/Tloc       0%         N/A       100%        4
 Call Canine Familiar     Summ           Unusable   N/A       N/A         3

Dungeon Overview and Level Annotations

Branches:
Dungeon (6/15)             Temple (1/1) D:4

Altars:
Cheibriados
Dithmenos
Fedhas
Gozag
Kikubaaqudgha
Makhleb
Nemelex Xobeh
Okawaru
Qazlal
Ru
Trog
Uskayaw
Wu Jian
Xom
Yredelemnul
Zin

Shops:
D:5 :*!(


Innate Abilities, Weirdness & Mutations

You have a pair of horns on your head.
You reflexively headbutt those who attack you in melee.


Message History

You kill the orc!
Okawaru accepts your kill.
Items here: ))) [[ ††.
HP restored.
An adder comes into view.
The adder hisses angrily.
An adder is nearby!
An adder is nearby!
An adder is nearby!
You miss the adder. Your headbutt misses the adder.
The adder bites you but does no damage. x2
You barely miss the adder. The adder bites you but does no damage.
You barely miss the adder. Your headbutt misses the adder.
The adder bites you but does no damage.
You slash the adder!
You kill the adder!
Okawaru accepts your kill.
You see here an adder corpse.
An ogre comes into view. It is wielding a +0 giant club.
The ogre shouts!
An ogre is nearby!
An ogre is nearby!
An ogre is nearby!
A water moccasin comes into view.
The water moccasin hisses angrily.
The ogre hits you with a +0 giant club!!
You barely miss the ogre.
You headbutt the ogre, but do no damage.
A sky beast comes into view.
You slash the ogre!
The ogre is moderately wounded.
The ogre hits you with a +0 giant club!!
You slash the ogre!
The ogre is almost dead.
The ogre hits you with a +0 giant club!
* * * LOW HITPOINT WARNING * * *
You hit the ogre.
The ogre is almost dead.
The ogre hits you with a +0 giant club!
You die...

#.........# #.#
#.....##### #.#
#.###################.#
#.# #...........†....#
#.# #.################
#. #.# #.# #.# #@# #O#


YS. #.... #..... ....... #......# ######## You could see a water moccasin, a sky
beast and an ogre.

Vanquished Creatures
  An ogre (D:5)
  A centaur (D:5)
  A kobold brigand (D:4)
  2 scorpions (D:5)
  4 bombardier beetles
  2 orc priests
  A sleepcap (D:4)
  Jessica (D:2)
  An iguana (D:5)
  5 orc wizards
  3 gnolls (D:5)
  10 adders
  5 dart slugs
  2 ribbon worms
  15 orcs
  7 endoplasms
  3 giant cockroaches
  A hobgoblin (D:1)
  4 jackals (D:1)
  4 kobolds
  A quokka (D:4)
  6 ball pythons
  3 bats
  2 frilled lizards
  5 goblins
  3 rats
  A spectral goblin (D:2)
94 creatures vanquished.

Notes
Turn   | Place    | Note
-------+----------+-------------------------------------------
     0 | D:1      | Peloso the Minotaur Fighter began the quest for the Orb.
     0 | D:1      | Reached XP level 1. HP: 19/19 MP: 0/0
   265 | D:1      | Reached XP level 2. HP: 24/27 MP: 1/1
  1307 | D:2      | Reached XP level 3. HP: 24/33 MP: 2/2
  1354 | D:2      | Reached skill level 3 in Long Blades
  1416 | D:2      | Noticed Jessica
  1421 | D:2      | Killed Jessica
  1422 | D:2      | Reached XP level 4. HP: 27/40 MP: 3/3
  1591 | D:2      | Reached skill level 4 in Long Blades
  1682 | D:2      | Found a faded altar of an unknown god.
  2065 | D:2      | Found a shimmering altar of Xom.
  2737 | D:3      | Found a shadowy altar of Dithmenos.
  3082 | D:4      | Reached XP level 5. HP: 44/47 MP: 4/4
  3110 | D:4      | Reached skill level 5 in Long Blades
  3291 | D:4      | Reached skill level 5 in Armour
  3291 | D:4      | Reached XP level 6. HP: 43/53 MP: 5/5
  3594 | D:4      | Found a staircase to the Ecumenical Temple.
  3608 | Temple   | Entered the Ecumenical Temple
  3619 | Temple   | Became a worshipper of Warmaster Okawaru
  3661 | D:4      | Reached skill level 6 in Long Blades
  4288 | D:5      | Entered Level 5 of the Dungeon
  4288 | D:5      | Found Uhotekh's Antique Weapon Emporium.
  4298 | D:5      | Bought a runed scimitar for 245 gold pieces
  4413 | D:5      | Found Adus's Book Shoppe.
  4445 | D:5      | Found Utiof's Distillery.
  4462 | D:5      | Reached skill level 5 in Fighting
  4462 | D:5      | Reached XP level 7. HP: 36/61 MP: 6/6
  4773 | D:5      | Reached * piety under Okawaru
  4865 | D:5      | Reached skill level 5 in Shields
  4867 | D:5      | Reached skill level 7 in Long Blades
  5400 | D:5      | Found Soeweov's General Store.
  5673 | D:6      | Mangled by an ogre

Illustrated notes

Levels and vault maps discovered:
D:1:      dpeg_arrival_shelter, layout_loops_ring
D:2:      layout_basic, basic_altar, dreamdust_ecumenical_altar_drowned_temple,
          uniq_jessica
D:3:      layout_loops_cross, nicolae_dithmenos_through_a_glass_darkly
D:4:      layout_basic, minmay_temple_entry_statues
D:5:      layout_loops_corners, serial_shops, nicolae_shop_industrial_runoff,
          nicolae_shop_real_fake_doors, shop, nicolae_stop_n_shop_1
D:6:      layout_basic
Temple:   hellmonk_temple_of_storms

Skill      XL: |  1  2  3  4  5  6  7 |
---------------+----------------------+-----
Armour         | 4 5 6 |  6.2
Fighting       | 4 5 |  5.6
Long Blades    | 3 4 5 6 7 |  7.5
Shields        | 4 5 |  5.8
Dodging        | |  0.9
Stealth        | |  0.2

Action                     |  1- 3 |  4- 6 |  7- 9 || total
---------------------------+-------+-------+-------++-------
  Melee: Long sword        |    65 |   122 |       ||   187
         Headbutt          |     8 |    25 |    12 ||    45
         Scimitar          |       |    11 |    76 ||    87
    Use: Scroll            |     6 |     4 |     3 ||    13
         Potion            |     1 |       |     1 ||     2
 Armour: Chain mail        |    44 |    67 |       ||   111
         Scale mail        |     2 |       |       ||     2
         Plate armour      |       |    10 |    64 ||    74
  Dodge: Dodged            |    32 |    57 |    15 ||   104
  Block: Buckler           |     6 |    33 |    15 ||    54
         Form:             |     1 |       |       ||     1
         Blade             |     1 |       |       ||     1
